 Dungeon Crawl Stone Soup version 0.29-a0-359-g541a27f54d (webtiles) character file.

Game seed: 10325608293034273729

7215 Iusername the Cruncher (level 10, -8/90 HPs)
             Began as a Minotaur Fighter on Apr 27, 2022.
             Mangled by a death yak (10 damage)
             ... while petrified by a basilisk
             ... on level 9 of the Dungeon.
             The game lasted 00:16:56 (8129 turns).

Iusername the Cruncher (Minotaur Fighter)           Turns: 8129, Time: 00:16:56

Health: -8/90      AC: 19    Str: 22    XL:     10   Next: 87%
Magic:  9/9        EV:  2    Int:  7    God:
Gold:   505        SH:  0    Dex: 11    Spells: 8/9 levels left

rFire   + . .      SeeInvis .   d - +6 quarterstaff (chaos)
rCold   + . .      Faith    .   (shield currently unavailable)
rNeg    + + +      Spirit   .   u - +3 plate armour
rPois   ∞          Reflect  .   (helmet restricted)
rElec   +          Harm     .   q - +0 cloak
rCorr   +          Rampage  .   (no gloves)
Will    .....                   (no boots)
Stlth   ..........              s - amulet of regeneration
HPRegen 1.05/turn               v - ring of wizardry
MPRegen 0.11/turn               (no ring)

@: resistant, petrified
A: horns 2, retaliatory headbutt
a: no special abilities


You were on level 9 of the Dungeon.
You visited 1 branch of the dungeon, and saw 9 of its levels.

You collected 505 gold pieces.

Inventory:

Hand Weapons
 a - a +0 long sword
 d - a +6 quarterstaff of chaos (weapon)
 o - a +4 scimitar of flaming
Armour
 b - a +0 scale mail
 c - a +0 buckler
 q - a +0 cloak (worn)
 u - a +3 plate armour (worn)
Jewellery
 s - an amulet of regeneration (around neck)
 v - a ring of wizardry (left hand)
 y - an amulet of faith
 D - an amulet of guardian spirit
 F - a ring of positive energy
Wands
 w - a wand of paralysis (8) (quivered)
Scrolls
 f - a scroll of enchant weapon
 h - 5 scrolls of amnesia
 j - a scroll of holy word
 k - 2 scrolls of magic mapping
 m - a scroll of fog
 n - 2 scrolls of fear {unknown}
 p - a scroll of torment {unknown}
 B - a scroll of blinking {unknown}
 C - 4 scrolls of vulnerability
 E - 5 scrolls of teleportation
Potions
 e - 3 potions of degeneration
 g - 3 potions of flight
 i - 2 potions of magic
 l - a potion of haste {unknown}
 r - 3 potions of resistance
 t - 7 potions of curing
 z - a potion of brilliance {unknown}
 A - a potion of lignification {unknown}


   Skills:
 + Level 8.9 Fighting
 + Level 5.5 Long Blades
 + Level 12.5 Staves
 + Level 11.7 Armour
 + Level 2.9 Dodging
 + Level 1.2 Stealth
 + Level 4.2 Shields
 + Level 1.4 Evocations


You had 8 spell levels left.
You knew the following spells:

 Your Spells              Type           Power      Damage    Failure   Level
a - Shock                 Conj/Air       0%         1d3       89%         1

Your spell library contained the following spells:

 Spells                   Type           Power      Damage    Failure   Level
 Slow                     Hex            0%         N/A       89%         1
 Confusing Touch          Hex            0%         N/A       99%         3
 Swiftness                Air            0%         N/A       99%         3
 Vampiric Draining        Necr           0%         2d6       99%         3
 Airstrike                Air            0%         N/A       100%        4


Dungeon Overview and Level Annotations

Branches:
Dungeon (9/15)             Temple (0/1) D:6            Lair (0/6) D:9
    Orc: D:9-12

Altars:
Ashenzari
Fedhas
Hepliaklqana
Kikubaaqudgha
Ru
Wu Jian

Shops:
D:6 =   D:7 [?


Innate Abilities, Weirdness & Mutations

You have a pair of horns on your head.
You reflexively headbutt those who attack you in melee.


Message History

The black bear claws you but does no damage.
The death yak gores you! The basilisk gazes at you.
The death yak gores you but does no damage.
The black bear bites you but does no damage.
The black bear claws you but does no damage. x2
The basilisk bites you but does no damage.
The black bear bites you.
The black bear claws you but does no damage. x2
The death yak gores you! The basilisk gazes at you.
You resist with some effort. The death yak gores you!
* * * LOW HITPOINT WARNING * * *
The black bear bites you.
* * * LOW HITPOINT WARNING * * *
The black bear claws you but does no damage. x2
The basilisk bites you but does no damage.
The black bear bites you.
* * * LOW HITPOINT WARNING * * *
The black bear completely misses you. The black bear claws you.
* * * LOW HITPOINT WARNING * * *
The death yak gores you!
* * * LOW HITPOINT WARNING * * *
The basilisk bites you but does no damage.
The death yak gores you!!
* * * LOW HITPOINT WARNING * * *
The black bear bites you.
* * * LOW HITPOINT WARNING * * *
The black bear claws you but does no damage.
The black bear claws you. The basilisk gazes at you.
The black bear bites you but does no damage.
The black bear completely misses you.
The black bear claws you but does no damage.
The death yak gores you!
* * * LOW HITPOINT WARNING * * *
The basilisk gazes at you. The death yak gores you!!
You die...

##..............# #
................# ># ##
................####.# .$
..................... #.##
...................# #...##
........###......<[##.....#
........# #........#.......
........# #......h.#..P...(
........# #+####@†.........
######### #lY.........
#.......>... #...........
#........... #...#....P..
#...#....... #...##.....#


You could see a death yak, a basilisk and a black bear.

Vanquished Creatures
  Erica (D:8)
  A two-headed ogre (D:8)
  Pikel (D:8)
  A harpy (shapeshifter) (D:5)
  An elephant (D:9)
  A komodo dragon (D:7)
  2 wyverns
  Eustachio (D:4)
  3 yaks (D:7)
  4 steam dragons
  4 orc warriors (D:7)
  2 sky beasts (D:7)
  4 ice beasts
  3 black bears
  An ogre (D:6)
  3 centaurs (D:7)
  A phantom (D:7)
  3 kobold brigands
  3 bullfrogs (D:7)
  2 necrophages
  A scorpion (D:6)
  A howler monkey (D:5)
  2 hounds
  4 jellies
  Crazy Yiuf (D:2)
  3 orc priests
  A gnoll shaman (D:7)
  6 iguanas
  8 orc wizards
  Robin (D:4)
  8 adders
  A white imp (D:7)
  An ufetubus (D:4)
  A worm (D:2)
  5 dart slugs
  28 orcs
  5 bats
  8 endoplasms
  2 giant cockroaches
  17 goblins
  12 hobgoblins
  3 jackals (D:3)
  16 kobolds
  2 quokkas
  6 ball pythons
  A frilled lizard (D:1)
  7 rats
193 creatures vanquished.

Vanquished Creatures (others)
  A fungus (D:2)
  A plant (D:3)
2 creatures vanquished.

Grand Total: 195 creatures vanquished

Notes
Turn   | Place    | Note
-------+----------+-------------------------------------------
     0 | D:1      | Iusername the Minotaur Fighter began the quest for the Orb.
     0 | D:1      | Reached XP level 1. HP: 19/19 MP: 0/0
    30 | D:1      | Reached XP level 2. HP: 24/27 MP: 1/1
   564 | D:1      | Reached XP level 3. HP: 33/33 MP: 2/2
  1327 | D:2      | Found a broken altar of Ashenzari.
  1354 | D:2      | Reached XP level 4. HP: 31/40 MP: 3/3
  1580 | D:2      | Found a faded altar of an unknown god.
  1758 | D:2      | Reached skill level 1 in Dodging
  1825 | D:2      | Found a runed translucent door.
  1826 | D:2      | Noticed Crazy Yiuf
  1997 | D:2      | Killed Crazy Yiuf
  2114 | D:3      | Found an ancient bone altar of Kikubaaqudgha.
  2163 | D:3      | Reached XP level 5. HP: 46/46 MP: 4/4
  2230 | D:3      | Reached skill level 5 in Long Blades
  2552 | D:4      | Found a sacrificial altar of Ru.
  2576 | D:4      | Noticed Eustachio
  2584 | D:4      | Killed Eustachio
  2585 | D:4      | Reached skill level 2 in Staves
  2585 | D:4      | Reached XP level 6. HP: 44/53 MP: 5/5
  2683 | D:4      | Reached skill level 3 in Staves
  2722 | D:4      | Reached skill level 5 in Armour
  2788 | D:4      | Found a sand-covered staircase.
  2840 | D:4      | Noticed Robin
  2855 | D:4      | Killed Robin
  3655 | D:5      | Entered Level 5 of the Dungeon
  3672 | D:5      | Reached skill level 4 in Staves
  3716 | D:5      | Noticed a shapeshifter
  3716 | D:5      | a scorpion changed into a shapeshifter
  3716 | D:5      | Noticed a harpy
  3716 | D:5      | a shapeshifter changed into a harpy
  3719 | D:5      | Killed a harpy
  3720 | D:5      | Reached skill level 5 in Fighting
  3720 | D:5      | Reached skill level 6 in Staves
  3720 | D:5      | Reached XP level 7. HP: 61/61 MP: 6/6
  3727 | D:5      | Reached XP level 8. HP: 65/68 MP: 7/7
  3844 | D:5      | Found a blossoming altar of Fedhas.
  4239 | D:5      | Reached skill level 7 in Staves
  4689 | D:6      | Reached skill level 8 in Staves
  4856 | D:6      | Found a hazy altar of Hepliaklqana.
  4927 | D:6      | Found Mytsiomp's Jewellery Shop.
  5024 | D:6      | Reached XP level 9. HP: 75/75 MP: 8/8
  5044 | D:6      | Found a staircase to the Ecumenical Temple.
  5351 | D:7      | Reached skill level 9 in Staves
  5499 | D:7      | Learned a level 1 spell: Shock
  5836 | D:7      | Found Ujeofe's Magic Scroll Boutique.
  5955 | D:7      | Reached skill level 10 in Staves
  5987 | D:7      | Found Zawupt's Antique Armour Boutique.
  6252 | D:7      | Reached skill level 1 in Stealth
  6533 | D:7      | Reached skill level 1 in Evocations
  6540 | D:7      | Reached skill level 11 in Staves
  6543 | D:7      | Reached XP level 10. HP: 68/86 MP: 9/9
  6645 | D:7      | Reached skill level 10 in Armour
  7061 | D:8      | Noticed a two-headed ogre
  7065 | D:8      | Killed a two-headed ogre
  7084 | D:8      | Noticed Pikel
  7098 | D:8      | Killed Pikel
  7115 | D:8      | Found an ornate altar of the Wu Jian Council.
  7129 | D:8      | Noticed Erica
  7138 | D:8      | Killed Erica
  7139 | D:8      | Reached skill level 12 in Staves
  8097 | D:9      | Noticed a death yak
  8097 | D:9      | Found a staircase to the Lair.
  8097 | D:9      | Noticed an elephant
  8120 | D:9      | Killed an elephant
  8127 | D:9      | HP: 4/90 [black bear (3)]
  8128 | D:9      | HP: 1/90 [death yak (4)]
  8129 | D:9      | Mangled by a death yak

Illustrated notes

Levels and vault maps discovered:
D:1:      eino_arrival_water_star, layout_basic, st_stairs_8
D:2:      layout_loops_ring, shapermc_ecumenical_altar_mp_ritualfount,
          basic_altar, minmay_between, uniq_crazy_yiuf_cottage
D:3:      cheibrodos_old_hovel, layout_rooms, kiku_gazebo_pond_becter,
          st_stairs_3
D:4:      layout_basic, nicolae_ru_awakened_eye, nicolae_ossuary_entry_monument,
          uniq_robin, uniq_eustachio
D:5:      layout_loops_ring, fedhas_altar_2, kennysheep_crisscross
D:6:      layout_basic, kennysheep_little_box, temple_hall,
          minmay_shop_enchanted_jewellery, kennysheep_generic_room_11
D:7:      kennysheep_windowed_halls, layout_cave_pools, serial_shops,
          shop_statue, nicolae_take_the_stairs, dreamdust_gnoll_shepherd
D:8:      layout_basic, nicolae_wu_jian_wuxing_cycle, uniq_erica, uniq_pikel
D:9:      layout_irregular_city, david_lair_generic

Skill      XL: |  1  2  3  4  5  6  7  8  9 10 |
---------------+-------------------------------+-----
Armour         | 4 6 7 9 11 | 11.7
Long Blades    | 3 4 5 |  5.5
Fighting       | 4 5 6 7 8 |  8.9
Shields        | 4 |  4.2
Dodging        | 1 2 |  2.9
Staves         | 2 6 8 11 12 | 12.5
Stealth        | 1 |  1.2
Evocations     | 1 |  1.4

Action                   |  1- 3 |  4- 6 |  7- 9 | 10-12 || total
-------------------------+-------+-------+-------+-------++-------
Melee: Long sword        |    88 |    26 |       |       ||   114
       Headbutt          |    16 |     9 |    33 |    23 ||    81
       Quarterstaff      |       |    93 |   179 |    88 ||   360
Evoke: Wand              |       |       |     5 |       ||     5
  Use: Scroll            |       |     8 |    10 |     1 ||    19
       Potion            |       |     1 |     1 |     4 ||     6
 Stab: Petrifying        |       |       |     1 |       ||     1
       Paralysed         |       |       |     1 |       ||     1
Armor: Scale mail        |    39 |    52 |       |       ||    91
       Plate armour      |       |    20 |   149 |   137 ||   306
Dodge: Dodged            |    40 |    74 |    67 |    39 ||   220
Block: Buckler           |     8 |     3 |       |       ||    11

Table legend: (Time is in decaauts)
 A = Elapsed time spent in this place.
 B = Non-inter-level travel time spent in this place.
 C = Inter-level travel time spent in this place.
 D = Time resting spent in this place.
 E = Time spent auto-exploring this place.
 F = Levels seen in this place.
 G = Mean time per level.
                   A        B        C        D        E       F      G
               +--------+--------+--------+--------+--------+-----+--------+
         Total |   8136 |   7770 |    366 |    641 |   5893 |   9 |  904.0 |
       Dungeon |   8136 |   7770 |    366 |    641 |   5893 |   9 |  904.0 |
               +--------+--------+--------+--------+--------+-----+--------+

Top non-repeatable levels by time:
     D:7: 1692 daAuts
     D:4: 1165 daAuts
     D:1: 1076 daAuts
     D:2: 994 daAuts
     D:6: 986 daAuts
     D:8: 953 daAuts
     D:5: 672 daAuts
     D:3: 467 daAuts
     D:9: 126 daAuts
